 Dungeon Crawl Stone Soup version 0.27-a0-1242-ge70438ac7b (webtiles) character file.

Game seed: 3394458203938784028

4691 EiAlmux the Thaumaturge (level 10, -5/73 HPs)
             Began as a Purple Draconian Conjurer on June 8, 2021.
             Was an Initiate of Vehumet.
             Killed from afar by Erolcha (34 damage)
             ... with a fireball
             ... on level 9 of the Dungeon.
             The game lasted 00:27:25 (10961 turns).

EiAlmux the Thaumaturge (DrCj)                     Turns: 10961, Time: 00:27:26

Health: -5/73      AC: 11    Str: 10    XL:     10   Next: 21%
Magic:  15/23      EV: 27    Int: 22    God:    Vehumet [......]
Gold:   405        SH:  0    Dex:  9    Spells: 20/27 levels left

rFire    x . .     SeeInvis .   r - +4 dagger (protect)
rCold    + . .     Faith    .   (no shield)
rNeg     + . .     Spirit   .   (armour unavailable)
rPois    .         Reflect  .   (helmet restricted)
rElec    .         Harm     .   (no cloak)
rCorr    .         Rampage  .   (no gloves)
Will     +....                  (no boots)
Stlth    ++........             E - amulet of the acrobat
HPRegen  0.22/turn              g - +4 ring of protection
MPRegen  0.18/turn              y - ring of Inoont {Ice rN+}

@: acrobatic
A: breathe power, AC +7, unfitting armour, cold-blooded
a: Breathe Dispelling Energy, Renounce Religion


You were on level 9 of the Dungeon.
You worshipped Vehumet.
Vehumet was noncommittal.
You visited 2 branches of the dungeon, and saw 10 of its levels.

You collected 522 gold pieces.
You spent 117 gold pieces at shops.

Inventory:

Hand Weapons
 i - a +2 halberd of pain
 r - a +4 dagger of protection (weapon)
 w - a +2 long sword
 N - a +0 dagger of holy wrath
Missiles
 b - 162 stones
Armour
 o - a +0 buckler
 C - a +0 pair of boots
Magical Staves
 L - a staff of cold
Jewellery
 g - a +4 ring of protection (left hand)
 s - an amulet of guardian spirit
 u - a ring of protection from fire
 y - the ring of Inoont (right hand) {Ice rN+}
   (You found it on level 6 of the Dungeon)

   [ring of ice]

   It enhances your ice magic.
   It makes you vulnerable to fire.
   It protects you from cold.
   It protects you from negative energy.
 E - an amulet of the acrobat (around neck)
 H - a ring of ice
 K - a ring of poison resistance
Wands
 m - a wand of flame (5)
 t - a wand of polymorph (15)
 O - a wand of digging (6)
Scrolls
 c - a scroll of immolation
 d - 2 scrolls of holy word {unknown}
 e - 3 scrolls of teleportation {unknown}
 f - a scroll of summoning {unknown}
 j - 2 scrolls of magic mapping {unknown}
 l - a scroll of torment {unknown}
 q - 2 scrolls of noise {unknown}
 v - a scroll of amnesia {unknown}
 x - 2 scrolls of blinking {unknown}
 D - 3 scrolls of identify
 J - a scroll of fear {unknown}
 M - 3 scrolls of vulnerability {unknown}
Potions
 a - 2 potions of degeneration
 h - 2 potions of flight {unknown}
 k - 2 potions of heal wounds
 n - 2 potions of attraction
 p - a potion of might
 z - a potion of brilliance
 A - a potion of lignification
 B - a potion of resistance
 F - a potion of curing {unknown}
 G - 2 potions of invisibility {unknown}
 I - a potion of haste {unknown}


   Skills:
 - Level 2.0 Fighting
 - Level 1.7 Dodging
 - Level 4.0 Stealth
 - Level 4.0 Shields
 + Level 9.4 Spellcasting
 + Level 9.3 Conjurations
 + Level 7.8 Hexes


You had 20 spell levels left.
You knew the following spells:

 Your Spells              Type           Power      Damage    Failure   Level
a - Magic Dart            Conj           100%       1d8       1%          1
b - Searing Ray           Conj           100%       3d7       1%          2
c - Fulminant Prism       Conj/Hex       24%        3d13      1%          4

Your spell library contained the following spells:

 Spells                   Type           Power      Damage    Failure   Level
 Dazzling Flash           Conj/Hex       96%        N/A       1%          3
 Summon Guardian Golem    Hex/Summ       27%        N/A       3%          3
 Summon Small Mammal      Summ           40%        N/A       6%          1
 Call Imp                 Summ           10%        N/A       10%         2
 Iskenderun's Mystic Bla  Conj/Tloc      30%        2d8       10%         4
 Call Canine Familiar     Summ           10%        N/A       19%         3
 Summon Ice Beast         Ice/Summ       15%        N/A       54%         4
 Summon Lightning Spire   Summ/Air       10%        N/A       54%         4


Dungeon Overview and Level Annotations

Branches:
Dungeon (9/15)             Temple (1/1) D:7            Lair (0/6) D:8
    Orc: D:9-12

Altars:
Ashenzari
Cheibriados
Dithmenos
Elyvilon
Fedhas
Gozag
Hepliaklqana
Kikubaaqudgha
Makhleb
Nemelex Xobeh
Okawaru
Qazlal
Ru
Sif Muna
Trog
Uskayaw
Vehumet
Wu Jian
Xom
Yredelemnul
Zin

Shops:
D:2 [   D:3 [   D:8 =

Annotations:
D:3 1 runed translucent door, exclusion: door, Crazy Yiuf
D:9 Erolcha


Innate Abilities, Weirdness & Mutations

You can breathe bolts of dispelling energy.
Your rich purple scales are hard. (AC +7)
You cannot fit into any form of body armour.
You are cold-blooded and may be slowed by cold attacks.


Message History

Casting: Searing Ray (safe; 1% risk of failure)
Confirm with . or Enter, or press ? or * to list all spells.
Aiming: Fulminant Prism (dangerous; 1% risk of failure)
Press: ? - help, Dir - move target You conjure a prism of explosive energy!
A fulminant prism comes into view.
Erolcha mumbles some strange words.
Erolcha flickers and vanishes!
Deactivating autopickup; reactivate with Ctrl-A.
Your fulminant prism crackles loudly.
Something hits your fulminant prism!!
Your fulminant prism explodes!
The blast of energy engulfs something.
Casting: Fulminant Prism (dangerous; 1% risk of failure)
Confirm with . or Enter, or press ? or * to list all spells.
Aiming: Fulminant Prism (dangerous; 1% risk of failure)
Press: ? - help, Dir - move target You conjure a prism of explosive energy!
A fulminant prism comes into view.
Your fulminant prism crackles loudly.
A fireball appears from out of thin air!
The fireball explodes!
The fireball engulfs you!!! The fire burns you terribly!
Ouch! That really hurt!
Your fulminant prism explodes!
The blast of energy engulfs something!!
There is an open door here.
You close the door.
Something unseen opens the door.
Casting: Fulminant Prism (dangerous; 1% risk of failure)
Confirm with . or Enter, or press ? or * to list all spells.
Aiming: Fulminant Prism (dangerous; 1% risk of failure)
Press: ? - help, Dir - move target You conjure a prism of explosive energy!
A fulminant prism comes into view.
Your fulminant prism crackles loudly.
Your fulminant prism explodes!
The blast of energy engulfs something!
A fireball appears from out of thin air!
The fireball explodes!
The fireball engulfs you!! The fire burns you terribly!
You die...

###+########+### .#
#............... .#
#.......@....... .#
#............... .#
#............... .#
#............... .#
#............... .#
#...............
.########...{...........
#........##'###########'#
..#......#............^.#.O....#


There were no monsters in sight!

Vanquished Creatures
  Pikel (D:5)
  A salamander (shapeshifter) (D:9)
  A centaur zombie (D:9)
  Prince Ribbit (D:5)
  A wyvern (D:8)
  A water moccasin (D:6)
  2 black bears
  A sky beast (D:7)
  2 orc warriors (D:8)
  2 ice beasts
  A necrophage (D:7)
  4 ogres
  3 centaurs
  2 lemures (D:5)
  A kobold brigand (D:8)
  A wyvern zombie (D:6)
  2 bullfrogs
  A scorpion (D:4)
  A water moccasin skeleton (D:5)
  3 killer bees (D:9)
  3 howler monkeys
  7 wights
  2 jellies
  Ijyb (D:3)
  A centaur skeleton (D:2)
  2 gnoll shamans
  2 bullfrog skeletons (D:5)
  2 iguanas
  7 orc wizards
  A hound zombie (D:5)
  2 howler monkey zombies (D:6)
  Robin (D:3)
  3 adders
  15 gnolls
  A white imp (D:6)
  2 ufetubi
  24 orcs
  6 endoplasms
  2 giant cockroaches
  16 goblins
  7 hobgoblins
  10 jackals
  5 quokkas
  5 ball pythons
  4 bats
  4 frilled lizards
  11 kobolds
  A quokka skeleton (D:4)
  4 rats
  A spectral kobold (D:7)
184 creatures vanquished.

Vanquished Creatures (others)
  12 fulminant prisms
12 creatures vanquished.

Grand Total: 196 creatures vanquished

Notes
Turn   | Place    | Note
-------+----------+-------------------------------------------
     0 | D:1      | EiAlmux the Draconian Conjurer began the quest for the Orb.
     0 | D:1      | Reached XP level 1. HP: 14/14 MP: 3/3
   350 | D:1      | Reached XP level 2. HP: 22/22 MP: 0/5
   429 | D:1      | Learned a level 2 spell: Searing Ray
   495 | D:1      | Reached skill level 1 in Fighting
   908 | D:1      | Found a faded altar of an unknown god.
   939 | D:1      | Reached XP level 3. HP: 28/28 MP: 1/6
  1483 | D:2      | Reached XP level 4. HP: 28/36 MP: 1/7
  1552 | D:2      | Found Unkenue's Antique Armour Emporium.
  2433 | D:3      | Found an ancient bone altar of Kikubaaqudgha.
  2533 | D:3      | Noticed Robin
  2573 | D:3      | Killed Robin
  2574 | D:3      | Reached XP level 5. HP: 7/41 MP: 0/9
  3001 | D:3      | Noticed Ijyb
  3028 | D:3      | Killed Ijyb
  3372 | D:3      | Noticed an ogre
  3383 | D:3      | Killed an ogre
  3384 | D:3      | Reached skill level 5 in Conjurations
  3491 | D:3      | Reached XP level 6. HP: 42/48 MP: 2/11
  3625 | D:3      | Found a runed translucent door.
  3626 | D:3      | Noticed Crazy Yiuf
  3804 | D:3      | Found Rotarhey's Antique Armour Boutique.
  3809 | D:3      | Bought a buckler for 117 gold pieces
  4173 | D:4      | Reached skill level 1 in Shields
  4633 | D:4      | Noticed a steam dragon
  5031 | D:4      | Your scales start taking on a rich purple colour.
  5031 | D:4      | Reached XP level 7. HP: 55/55 MP: 10/14
  5065 | D:5      | Entered Level 5 of the Dungeon
  5071 | D:5      | Learned a level 4 spell: Fulminant Prism
  5094 | D:5      | Reached skill level 5 in Spellcasting
  5125 | D:5      | Noticed Prince Ribbit
  5309 | D:5      | Reached skill level 1 in Hexes
  5589 | D:5      | Noticed Pikel
  5611 | D:5      | Killed Pikel
  5612 | D:5      | Reached XP level 8. HP: 61/61 MP: 4/17
  6349 | D:5      | Killed Prince Ribbit
  6662 | D:6      | Found an ornate altar of the Wu Jian Council.
  6847 | D:6      | Reached skill level 5 in Hexes
  6847 | D:6      | Reached XP level 9. HP: 61/67 MP: 8/19
  7180 | D:6      | Found a shadowy altar of Dithmenos.
  7396 | D:6      | Identified the ring of Inoont {Ice rN+}
  8271 | D:7      | Found a hazy altar of Hepliaklqana.
  8475 | D:7      | Found a staircase to the Ecumenical Temple.
  8940 | Temple   | Entered the Ecumenical Temple
  9945 | D:8      | Found a radiant altar of Vehumet.
  9950 | D:8      | Found a sacrificial altar of Ru.
  9955 | D:8      | Became a worshipper of Vehumet
 10040 | D:8      | Found a staircase to the Lair.
 10207 | D:8      | Found Aqo Anym's Jewellery Emporium.
 10577 | D:9      | Reached XP level 10. HP: 73/73 MP: 18/23
 10668 | D:9      | Noticed a salamander
 10685 | D:9      | Killed a salamander
 10929 | D:9      | Noticed Erolcha
 10961 | D:9      | Killed from afar by Erolcha

Illustrated notes

Levels and vault maps discovered:
D:1:      dpeg_arrival_shrine, layout_basic, basic_ecumenical_altar,
          grunt_decor_one_mirror
D:2:      layout_basic, serial_shops, shop_coins
D:3:      layout_loops_corners, nicolae_overflow_hidden_temple, serial_shops,
          shop, grunt_ministairs_7, uniq_robin, uniq_crazy_yiuf_cottage,
          uniq_ijyb
D:4:      layout_loops_ring, gammafunk_ghost_cemetery, minivault_27
D:5:      layout_loops_ring, uniq_pikel, uniq_prince_ribbit1
D:6:      layout_layer_cave, nicolae_dithmenos_through_a_glass_darkly,
          nicolae_overflow_crystal_walls
D:7:      layout_basic, nicolae_hepliaklqana_monster_ancestors,
          minmay_temple_entry_junction, grunt_decor_cap,
          hangedman_abyss_or_decor_stabs, kennysheep_windowed_goal
D:8:      layout_loops_corners, minitemple, lair_entry_dummy, serial_shops,
          kennysheep_mini, chequers_serial_rivers_small_a
D:9:      layout_gridville, general_overflow_altar, uniq_erolcha
Temple:   regret_index_temple_generic_petals

Skill      XL: |  1  2  3  4  5  6  7  8  9 |
---------------+----------------------------+-----
Stealth        | 2 3 4 |  4.0
Fighting       | 1 2 |  2.0
Spellcasting   | 3 4 6 7 9 |  9.4
Conjurations   | 5 6 7 9 |  9.3
Shields        | 1 3 4 |  4.0
Hexes          | 3 5 7 |  7.8
Dodging        | |  1.7

Action                   |  1- 3 |  4- 6 |  7- 9 | 10-12 || total
-------------------------+-------+-------+-------+-------++-------
Melee: Dagger            |    27 |    44 |    14 |       ||    85
       Tailslap          |     4 |     2 |     1 |       ||     7
 Cast: Magic Dart        |    48 |    62 |   131 |     1 ||   242
       Searing Ray       |     3 |    22 |    51 |     6 ||    82
       Fulminant Prism   |       |       |     7 |     5 ||    12
  Use: Scroll            |       |       |     7 |       ||     7
Armor: Skin              |    17 |    15 |    22 |     6 ||    60
Dodge: Dodged            |    35 |    56 |    47 |    13 ||   151

Table legend: (Time is in decaauts)
 A = Elapsed time spent in this place.
 B = Non-inter-level travel time spent in this place.
 C = Inter-level travel time spent in this place.
 D = Time resting spent in this place.
 E = Time spent auto-exploring this place.
 F = Levels seen in this place.
 G = Mean time per level.
                   A        B        C        D        E       F      G
               +--------+--------+--------+--------+--------+-----+--------+
         Total |  10963 |  10473 |    490 |    693 |   8471 |  10 | 1096.3 |
       Dungeon |  10731 |  10268 |    463 |    693 |   8272 |   9 | 1192.3 |
        Temple |    231 |    204 |     27 |      0 |    199 |   1 |  231.0 |
               +--------+--------+--------+--------+--------+-----+--------+

Top non-repeatable levels by time:
     D:3: 1958 daAuts
     D:6: 1371 daAuts
     D:8: 1358 daAuts
     D:1: 1351 daAuts
     D:5: 1342 daAuts
     D:7: 1128 daAuts
     D:4: 921 daAuts
     D:2: 912 daAuts
     D:9: 387 daAuts
  Temple: 231 daAuts
